 Dungeon Crawl Stone Soup version 0.24-a0-373-g39439d866b (webtiles) character file.

Game seed: 11392401735117700202

791 vurker the Chopper (level 7, -1/66 HPs)
             Began as a Deep Dwarf Fighter on May 30, 2019.
             Slain by an orc warrior
             ... wielding a cursed -2 halberd
              (14 damage)
             ... on level 6 of the Dungeon.
             The game lasted 00:07:17 (1573 turns).

vurker the Chopper (Deep Dwarf Fighter)             Turns: 1573, Time: 00:07:18

Health: -1/66      AC:  7    Str: 15    XL:     7   Next: 57%
Magic:  5/5        EV:  6    Int:  9    God:
Gold:   78         SH:  8    Dex: 12    Spells: 6/6 levels left

rFire    . . .     SeeInvis .   a - +1 war axe
rCold    . . .     Gourm    .   c - +0 shield
rNeg     . . .     Faith    .   b - +0 scale mail
rPois    .         Spirit   .   (no helmet)
rElec    .         Reflect  .   (no cloak)
rCorr    .         Harm     +   (no gloves)
MR       +....                  (no boots)
Stlth    ..........             n - amulet of harm
HPRegen  0.00/turn              k - -6 ring of strength (curse)
MPRegen  0.09/turn              (no ring)

@: non-regenerating
A: damage resistance, heal wounds, sense surroundings 1, no regeneration
a: Heal Wounds


You were on level 6 of the Dungeon.
You were not hungry.

You visited 1 branch of the dungeon, and saw 4 of its levels.

You collected 78 gold pieces.

Inventory:

Hand Weapons
 a - a +1 war axe (weapon)
Armour
 b - a +0 scale mail (worn)
 c - a +0 shield (worn)
Jewellery
 k - a cursed -6 ring of strength (left hand)
   (You found it on level 2 of the Dungeon)
 n - an amulet of harm (around neck)
   (You found it on level 6 of the Dungeon)
Potions
 d - 2 potions of might
 g - a potion of berserk rage {unknown}
 h - 2 potions of curing {@q1}
 i - a potion of mutation {unknown}
 j - 4 potions of brilliance {unknown}
Comestibles
 e - 7 rations {!d}
 m - 5 chunks of flesh


   Skills:
 + Level 4.7 Fighting
 * Level 6.9 Axes
 - Level 5.6 Armour
 - Level 3.2 Shields


You had 6 spell levels left.
You didn't know any spells.
Your spell library was empty.

Dungeon Overview and Level Annotations

Branches:
Dungeon (3/15)

Altars:
Ru
Wu Jian

Annotations:
D:2 1 runed translucent door, Crazy Yiuf
D:6 Edmund, Menkaure


Innate Abilities, Weirdness & Mutations

You are resistant to damage.
You can heal yourself by infusing magical energy.
You passively map a small area around you.
You do not regenerate.


Message History

An orc comes into view. It is wielding a +0 club.
An orc warrior comes into view.
It is wielding a -2 halberd and wearing a +2 chain mail of positive energy.
The orc shouts!
The orc warrior moves out of view.
Found a potion of might.
An orc comes into view. It is wielding a +0 club.
The orc shouts!
You barely miss Edmund.
Edmund hits you with a +2 flail of crushing.
Menkaure, Prince of Dust comes into view.
You hit Edmund. You block Edmund's attack.
A crimson imp comes into view.
You hit Edmund but do no damage. You hit the adder.
You block the adder's attack. Edmund hits you but does no damage.
The adder bites you but does no damage.
The crimson imp blinks!
You hit Edmund. You closely miss the adder.
The adder bites you but does no damage. Edmund hits you but does no damage.
You block the orc warrior's attack. The adder bites you but does no damage.
Edmund hits you but does no damage.
You hit Edmund. You closely miss the adder. You block the orc warrior's attack.
The adder bites you but does no damage.
Edmund hits you with a +2 flail of crushing.
* * * LOW HITPOINT WARNING * * *
Your scale mail prevents you from hitting Edmund.
You barely miss the adder. You block the adder's attack.
The orc warrior hits you from afar with a cursed -2 halberd!
* * * LOW HITPOINT WARNING * * *
Menkaure mumbles some strange words.
Menkaure seems to speed up.
The adder completely misses you.
Edmund hits you with a +2 flail of crushing.
* * * LOW HITPOINT WARNING * * *
The orc warrior closely misses you.
You feel much better. The adder barely misses you.
Edmund hits you with a +2 flail of crushing.
You block the adder's attack.
Your shield and scale mail prevent you from hitting Edmund.
You hit the adder. The orc warrior completely misses you.
The adder bites you but does no damage. Edmund hits you but does no damage.
You hit Edmund. You hit the adder.
You kill the adder!
The orc warrior completely misses you.
Menkaure calls on the powers of darkness!
The orc convulses!
The orc warrior convulses!
Edmund convulses!
Your body is wracked with pain!
* * * LOW HITPOINT WARNING * * *
The orc convulses!
Edmund hits you with a +2 flail of crushing!
* * * LOW HITPOINT WARNING * * *
The orc warrior hits you from afar with a cursed -2 halberd!
You die...

** ##### ** , , #....
,.., , * ,* #...#*#.# #
## * *...###.# .<.. , ,
*#S..#[#.#.####.# *
#...#.#...,..#.# * ##, *
#...#.#.#.##.#.. ,
##..M####.#.....#..#.##J
,
...5oo@@†.+........#.##.
* ....o####.#.(>.##.##.#
p ... ,
...............### .
.................. * *,*
###)....#......### * *
#...########.# , ##...
*#.#,, #..#! ,*#.# # ,,,
#.. ..#


You could see Edmund, an orc warrior, Menkaure, a crimson imp and 2 orcs.

Vanquished Creatures
  Pikel (D:6)
  A scorpion (D:2)
  A jelly (D:6)
  An orc wizard (D:3)
  Natasha (thrice) (D:2)
  Terence (D:2)
  A worker ant zombie (D:6)
  An adder (D:6)
  4 gnolls
  2 oozes (D:1)
  4 dart slugs
  3 leopard geckos (D:2)
  2 orcs (D:3)
  5 giant cockroaches
  8 goblins
  7 hobgoblins
  6 jackals
  8 kobolds
  A quokka (D:2)
  5 bats
  3 frilled lizards
  6 rats
74 creatures vanquished.

Vanquished Creatures (others)
  A slave (D:6)
  An ogre (D:6)
  A crimson imp (D:6)
  A jackal (D:6)
4 creatures vanquished.

Grand Total: 78 creatures vanquished

Notes
Turn   | Place    | Note
-------+----------+-------------------------------------------
     0 | D:1      | vurker the Deep Dwarf Fighter began the quest for the Orb.
     0 | D:1      | Reached XP level 1. HP: 20/20 MP: 1/1
    79 | D:1      | Reached XP level 2. HP: 20/27 MP: 2/2
   277 | D:1      | Reached skill level 3 in Axes
   336 | D:1      | Reached XP level 3. HP: 21/34 MP: 3/3
   347 | D:1      | You fall into a shaft and drop 1 floor!
   350 | D:2      | Noticed Natasha
   370 | D:2      | Killed Natasha
   370 | D:2      | Reached XP level 4. HP: 29/42 MP: 4/4
   399 | D:2      | Found a runed translucent door.
   400 | D:2      | Noticed Crazy Yiuf
   461 | D:2      | Noticed Natasha
   480 | D:2      | Killed Natasha
   480 | D:2      | Reached skill level 4 in Axes
   491 | D:2      | Noticed Natasha
   499 | D:2      | Killed Natasha
   594 | D:1      | Reached XP level 5. HP: 31/49 MP: 5/5
  1028 | D:2      | Found an ornate altar of the Wu Jian Council.
  1099 | D:2      | Noticed Terence
  1111 | D:2      | Killed Terence
  1328 | D:2      | Found a sacrificial altar of Ru.
  1376 | D:2      | Reached skill level 5 in Axes
  1441 | D:3      | Reached XP level 6. HP: 48/57 MP: 5/5
  1493 | D:3      | You fall into a shaft and drop 3 floors!
  1500 | D:6      | Noticed a slave
  1503 | D:6      | Noticed Pikel
  1507 | D:6      | Noticed a slave
  1509 | D:6      | Noticed a slave
  1510 | D:6      | Noticed a slave
  1532 | D:6      | Killed Pikel
  1532 | D:6      | Reached skill level 6 in Axes
  1532 | D:6      | Reached skill level 5 in Armour
  1532 | D:6      | Reached XP level 7. HP: 46/66 MP: 5/5
  1562 | D:6      | Noticed Edmund
  1565 | D:6      | Noticed Menkaure
  1573 | D:6      | Slain by an orc warrior

Levels and vault maps discovered:
D:1:      matt_arrival_spirals, layout_loops_ring,
          hangedman_abyss_or_decor_stabs
D:2:      layout_rooms, nicolae_overflow_hidden_temple, old_standard_altar,
          first_ration, nicolae_ru_path_of_blood, uniq_crazy_yiuf_cottage,
          uniq_natasha, uniq_terence
D:3:      layout_rooms, minmay_door_square, okawaru_metal_pillars_1_2
D:6:      layout_basic, minmay_crystal_room, lightli_church_of_beogh,
          uniq_edmund, uniq_pikel, uniq_menkaure, uniq_blork_the_orc

Skill      XL: |  1  2  3  4  5  6 |
---------------+-------------------+-----
Axes           | 3 4 5 6 |  6.9
Fighting       | 3 4 |  4.7
Armour         | 4 5 |  5.6
Shields        | |  3.2

Action                   |  1- 3 |  4- 6 |  7- 9 || total
-------------------------+-------+-------+-------++-------
Melee: War axe           |    70 |   182 |    20 ||   272
 Abil: Heal Wounds       |     1 |     6 |     1 ||     8
  Use: Scroll            |       |     3 |     2 ||     5
  Eat: Chunk             |       |     3 |       ||     3
Armor: Scale mail        |    35 |   102 |    14 ||   151
Dodge: Dodged            |    19 |    69 |     6 ||    94
Block: Shield            |    43 |   113 |    10 ||   166

Table legend:
 A = Non-vault XP
 B = Vault XP
 C = Vault XP percentage of total XP
 D = Non-vault monster count
 E = Vault monster count
 F = Vault count percentage of total count
                 A         B        C        D         E       F
            +---------+---------+-------+---------+---------+-------
      Total |     439 |     692 |  61.2 |      71 |       3 |   4.1
            +---------+---------+-------+---------+---------+-------
        D:1 |      96 |       0 |   0.0 |      27 |       0 |   0.0
        D:2 |     206 |      75 |  26.7 |      32 |       2 |   5.9
        D:3 |      49 |       0 |   0.0 |       6 |       0 |   0.0
        D:6 |      88 |     617 |  87.5 |       6 |       1 |  14.3
            +---------+---------+-------+---------+---------+-------
